 Dungeon Crawl Stone Soup version 0.23.1-38-g628c18f423 (webtiles) character file.

Game seed: 3492599672211870743

745 Descartes the Ruffian (level 7, -3/71 HPs)
             Began as a Troll Monk on Mar 29, 2019.
             Slain by a gnoll sergeant
             ... wielding a +0 trident
              (11 damage)
             ... on level 5 of the Dungeon.
             The game lasted 00:07:38 (3656 turns).

Descartes the Ruffian (Troll Monk)                  Turns: 3656, Time: 00:07:39

Health: -3/71      AC:  7    Str: 20    XL:     7   Next: 47%
Magic:  0/6        EV: 12    Int:  8    God:
Gold:   218        SH:  0    Dex: 14    Spells: 6/6 levels left

rFire    . . .     SeeInvis +     - Unarmed
rCold    . . .     Gourm    +   (no shield)
rNeg     . . .     Faith    .   v - +1 robe {Archmagi}
rPois    .         Spirit   +   (helmet restricted)
rElec    .         Reflect  .   m - scarf {Spirit}
rCorr    .         Harm     .   (gloves unavailable)
MR       .....                  (boots unavailable)
Stlth    +.........             r - amulet of magic regeneration
HPRegen  0.61/turn              t - ring of see invisible
MPRegen  0.35/turn              u - +2 ring of intelligence

@: confused, lethally poisoned (-3 -> -3)
A: large, unfitting armour, claws 3, fast metabolism 3, gourmand, regeneration
1, shaggy fur 1, tough skin 3
a: no special abilities


You were on level 5 of the Dungeon.
You were full.

You visited 1 branch of the dungeon, and saw 5 of its levels.

You collected 218 gold pieces.

Inventory:

Missiles
 j - 21 stones (quivered)
 l - 15 arrows
 n - 39 poisoned needles
 o - 45 sling bullets
Armour
 m - a scarf of spirit shield (worn)
 v - a +1 robe of the Archmagi (worn)
Jewellery
 r - an amulet of magic regeneration (around neck)
 t - a ring of see invisible (left claw)
 u - a +2 ring of intelligence (right claw)
Scrolls
 c - 3 scrolls of identify {unknown}
 e - a scroll of enchant weapon {unknown}
 f - 4 scrolls of teleportation {unknown}
 g - a scroll of magic mapping {unknown}
 k - 2 scrolls of remove curse {unknown}
 p - a scroll of random uselessness {unknown}
 q - 2 scrolls of enchant armour {unknown}
Potions
 a - a potion of resistance {unknown}
 d - a potion of agility {unknown}
 h - 4 potions of curing {unknown}
 i - 4 potions of haste {unknown}
 s - 2 potions of magic {unknown}
 w - 2 potions of heal wounds {unknown}
Comestibles
 b - 7 rations


   Skills:
 * Level 4.6 Fighting
 * Level 4.6 Dodging
 - Level 1.0 Stealth
 * Level 5.6 Unarmed Combat


You had 6 spell levels left.
You didn't know any spells.
Your spell library was empty.

Dungeon Overview and Level Annotations

Branches:
Dungeon (5/15)
 Temple: D:4-7

Altars:
Fedhas
Gozag
Okawaru
Ru
Uskayaw
Vehumet
The Shining One

Shops:
D:3 *

Annotations:
D:5 1 transporter


Innate Abilities, Weirdness & Mutations

You are too large for most types of armour.
You have claws for hands.
Your metabolism is lightning-fast.
You like to eat raw meat.
Your natural rate of healing is unusually fast.
You are covered in fur. (AC +1)
You have extremely tough skin. (AC +3)


Message History

The gnoll hits the plant with a +0 whip.
The gnoll sergeant hits you from afar with a +0 trident.
The gnoll hits you with a +0 flail!
You claw the gnoll!
You kill the gnoll!
You feel sick. The gnoll sergeant closely misses you.
The gnoll hits the plant but does no damage.
The gnoll sergeant hits you from afar with a +0 trident.
You closely miss the gnoll shaman.
You feel sick. The gnoll hits you with a +0 flail!
* * * LOW HITPOINT WARNING * * *
The gnoll sergeant hits you from afar with a +0 trident!
* * * LOW HITPOINT WARNING * * *
The gnoll sergeant barely misses you. The gnoll shaman closely misses you.
The gnoll hits the plant with a +0 whip.
The gnoll misses you.
You feel sick.
The gnoll hits the plant with a +0 whip!
The gnoll sergeant hits you with a +0 trident!
You die...

#.#.#.#.≈≈####.....####≈≈.....##
#.#.#.#.≈≈#..#8###8#..#≈≈..#.#.#
....#...≈≈#..###.###..#≈≈....#.##
.######.≈≈#...........#≈≈..###...
....#...≈≈###.##g##.###≈≈........
..#.#...≈≈..#.#P.P#.#..≈≈.#.###..
###.#.<.≈≈.##.#ggg#.##.≈≈.#.# #..
......#.≈≈.#..#Pgg#.©#.≈≈.#.###..
####.#..≈≈.##.##@##.##.≈≈.##.....
####.#..≈≈.[#.#g.P#.#.....#####..
.....)..≈≈.©#.'.©.'.#©....# ###
........≈≈..#.#8⌠8#.#......# #
####.##.≈≈.##.#####.##.≈≈..# #
.....##.≈≈.#..# # .#.≈≈..# #
#######.≈≈.##.# g#.##.≈≈.... .
##.≈≈..#.#$.. #..≈≈..###
#..≈≈###.##'##.###≈≈..#


You could see 2 gnoll sergeants, a gnoll shaman and 4 gnolls.

Vanquished Creatures
  A sky beast (D:5)
  2 phantoms
  Blork the orc (D:5)
  A scorpion (D:4)
  A howler monkey (D:4)
  A hound (D:4)
  An iguana (D:4)
  Jessica (D:2)
  A centaur skeleton (D:4)
  A worker ant (D:4)
  A killer bee zombie (D:5)
  5 gnolls
  5 adders
  An ooze (D:2)
  A leopard gecko (D:4)
  7 orcs
  A ball python (D:2)
  4 giant cockroaches
  8 goblins
  3 hobgoblins
  5 jackals (D:1)
  A quokka (D:3)
  8 bats
  3 frilled lizards
  7 kobolds
  A leopard gecko skeleton (D:4)
  6 rats
78 creatures vanquished.

Vanquished Creatures (others)
  2 plants (D:5)
2 creatures vanquished.

Grand Total: 80 creatures vanquished

Notes
Turn   | Place    | Note
-------+----------+-------------------------------------------
     0 | D:1      | Descartes the Troll Monk began the quest for the Orb.
     0 | D:1      | Reached XP level 1. HP: 22/22 MP: 0/0
   227 | D:1      | Reached XP level 2. HP: 29/29 MP: 1/1
   812 | D:2      | Found an iron altar of Okawaru.
   863 | D:2      | Reached XP level 3. HP: 34/36 MP: 2/2
   947 | D:2      | Reached XP level 4. HP: 45/45 MP: 3/3
  1156 | D:2      | Noticed a +0 hand axe
  1156 | D:2      | Noticed Jessica
  1157 | D:2      | Found a hide-covered altar of Uskayaw.
  1158 | D:2      | Noticed a +0 hand axe
  1161 | D:2      | Killed Jessica
  1328 | D:3      | Found Gozag's Platinum Reserve.
  1328 | D:3      | Found an opulent altar of Gozag.
  1337 | D:3      | Found a blossoming altar of Fedhas.
  1352 | D:3      | Noticed a phantom
  1396 | D:3      | Killed a phantom
  1396 | D:3      | Reached skill level 4 in Unarmed Combat
  1396 | D:3      | Reached XP level 5. HP: 53/53 MP: 4/4
  1507 | D:3      | Found a sacrificial altar of Ru.
  1907 | D:3      | Found a radiant altar of Vehumet.
  2296 | D:4      | Reached XP level 6. HP: 57/62 MP: 5/5
  2423 | D:4      | Found a glowing golden altar of the Shining One.
  2474 | D:4      | Reached skill level 5 in Unarmed Combat
  3106 | D:4      | Reached XP level 7. HP: 62/71 MP: 6/6
  3207 | D:5      | Entered Level 5 of the Dungeon
  3374 | D:5      | Noticed Blork the orc
  3381 | D:5      | Killed Blork the orc
  3629 | D:5      | Found a transporter.
  3629 | D:5      | Found a transporter.
  3656 | D:5      | Slain by a gnoll sergeant

Skill      XL: |  1  2  3  4  5  6 |
---------------+-------------------+-----
Fighting       | 3 4 |  4.6
Dodging        | 3 4 |  4.6
Unarmed Combat | 4 5 |  5.6
Stealth        | |  1.0

Action                   |  1- 3 |  4- 6 |  7- 9 || total
-------------------------+-------+-------+-------++-------
Melee: Unarmed           |    67 |   146 |    32 ||   245
       Punch             |       |     5 |     1 ||     6
 Stab: Sleeping          |       |     6 |       ||     6
  Eat: Chunk             |    13 |    18 |     4 ||    35
Armor: Robe              |    24 |    36 |     6 ||    66
Dodge: Dodged            |    31 |    67 |    19 ||   117
